 Dungeon Crawl Stone Soup version 0.26.0-16-gc1dbca0489 (webtiles) character file.

Game seed: 8768848832423337095

707 thiole the Sneak (level 7, -1/41 HPs)
             Began as an Octopode Hedge Wizard on Jan 19, 2021.
             Slain by a howler monkey zombie (6 damage)
             ... on level 5 of the Dungeon.
             The game lasted 00:10:08 (5923 turns).

thiole the Sneak (Octopode Hedge Wizard)            Turns: 5923, Time: 00:10:09

Health: -1/41      AC:  1    Str: 10    XL:     7   Next: 67%
Magic:  4/14       EV: 13    Int: 18    God:
Gold:   359        SH:  0    Dex: 11    Spells: 9/15 levels left

rFire    . . .     SeeInvis .   f - +6 halberd (distort)
rCold    . . .     Faith    .   (shield currently unavailable)
rNeg     . . .     Spirit   .   b - +0 hat
rPois    .         Reflect  .   c - amulet of the acrobat
rElec    .         Harm     .   u - ring of resist corrosion
rCorr    +         Rampage  .   v - ring of stealth
Will     .....                  (no ring)
Stlth    +++++.....             (no ring)
HPRegen  0.13/turn              (no ring)
MPRegen  0.14/turn              (no ring)
                                (no ring)
                                (no ring)

@: very slightly contaminated
A: almost no armour, stealthy swim, amphibious, 8 rings, constrict 8, camouflage
1, gelatinous body 1
a: no special abilities


You were on level 5 of the Dungeon.
You visited 1 branch of the dungeon, and saw 5 of its levels.

You collected 359 gold pieces.

Inventory:

Hand Weapons
 a - a +0 dagger
 d - a +0 hunting sling
 f - a +6 halberd of distortion (weapon)
 x - a +2 scythe of venom
Missiles
 e - 233 stones
Armour
 b - a +0 hat (worn)
Jewellery
 c - an amulet of the acrobat (around mantle)
 u - a ring of resist corrosion (left tentacle)
 v - a ring of stealth (right tentacle)
Wands
 s - a wand of disintegration (16)
 t - a wand of enslavement (5)
 y - a wand of paralysis (9)
Scrolls
 g - a scroll of blinking {unknown}
 k - 2 scrolls of amnesia {unknown}
 l - a scroll of noise {unknown}
 n - 3 scrolls of random uselessness {unknown}
 o - 4 scrolls of teleportation {unknown}
 r - a scroll of magic mapping {unknown}
 w - a scroll of summoning {unknown}
Potions
 h - a potion of resistance
 i - 5 potions of curing
 j - a potion of cancellation
 p - a potion of lignification
 q - a potion of brilliance
 z - a potion of magic
 A - 2 potions of ambrosia


   Skills:
 - Level 2.0 Dodging
 + Level 6.6 Stealth
 + Level 4.8 Spellcasting
 - Level 2.0 Conjurations
 - Level 2.0 Summonings
 - Level 1.0 Translocations
 * Level 3.7 Air Magic
 + Level 3.0 Poison Magic


You had 9 spell levels left.
You knew the following spells:

 Your Spells              Type           Power        Failure   Level
a - Magic Dart            Conj           44%          6%          1
b - Mephitic Cloud        Conj/Pois/Air  14%          12%         3
c - Call Imp              Summ           11%          9%          2

Your spell library contained the following spells:

 Spells                   Type           Power        Failure   Level
 Blink                    Tloc           N/A          14%         2
 Slow                     Hex            4%           21%         2
 Conjure Flame            Conj/Fire      7%           26%         3


Dungeon Overview and Level Annotations

Branches:
Dungeon (5/15)
 Temple: D:4-7

Altars:
Cheibriados
Hepliaklqana
Nemelex Xobeh


Innate Abilities, Weirdness & Mutations

You cannot wear most types of armour.
You are very stealthy in the water. (Stealth+)
You are amphibious.
You can wear up to eight rings at the same time.
You can use your tentacles to constrict eight enemies at once.
Your skin changes colour to match your surroundings (Stealth+).
Your rubbery body absorbs attacks. (AC +1, EV +1)


Message History

The howler monkey zombie barely misses you.
You barely miss the orc. You grab the orc.
The orc is lightly wounded.
You constrict the orc. The orc barely misses you.
The howler monkey zombie hits you.
* * * LOW HITPOINT WARNING * * *
The orc closely misses you.
You slash the orc!
You kill the orc!
The howler monkey zombie barely misses you.
The howler monkey zombie closely misses you.
You closely miss the howler monkey zombie.
You grab the howler monkey zombie. You squeeze the howler monkey zombie.
The howler monkey zombie is lightly damaged.
You constrict the howler monkey zombie. The howler monkey zombie hits you.
* * * LOW HITPOINT WARNING * * *
You barely miss the howler monkey zombie.
The howler monkey zombie is lightly damaged.
You constrict the howler monkey zombie. The howler monkey zombie hits you.
You die...

. .... .. ###. ....
#.. #... ..... ....
#..##..... ....#
#.........
.....##.........
..........)......
........)@.......
...##...Z.##.....
..........# ...#.
.....#..(.# .#
........(.# .# #.
..........##.###...
#................#
##..............##
####..>..........#


You could see a howler monkey zombie.

Vanquished Creatures
  Sigmund (D:3)
  A centaur (D:5)
  A scorpion (D:4)
  2 bullfrog skeletons (D:5)
  Jessica (D:2)
  An iguana (D:5)
  Ijyb (D:3)
  An orc wizard (D:5)
  A worker ant (D:5)
  Robin (D:4)
  4 gnolls (D:5)
  10 adders
  A shadow imp (D:5)
  An ooze (D:1)
  A dart slug (D:1)
  4 worms
  3 leopard geckos
  6 orcs
  A ball python (D:5)
  8 bats
  A giant cockroach (D:1)
  10 goblins
  8 hobgoblins
  6 jackals
  A quokka (D:5)
  4 frilled lizards
  9 kobolds
  6 rats
95 creatures vanquished.

Vanquished Creatures (others)
  3 fungi (D:1)
  5 toadstools (D:1)
8 creatures vanquished.

Grand Total: 103 creatures vanquished

Notes
Turn   | Place    | Note
-------+----------+-------------------------------------------
     0 | D:1      | thiole the Octopode Hedge Wizard began the quest for the
                  | Orb.
     0 | D:1      | Reached XP level 1. HP: 11/11 MP: 4/4
   288 | D:1      | Reached XP level 2. HP: 8/17 MP: 4/6
   519 | D:1      | Reached skill level 3 in Stealth
   983 | D:1      | Reached XP level 3. HP: 21/21 MP: 7/7
  1508 | D:2      | Noticed Jessica
  1515 | D:2      | Killed Jessica
  1516 | D:2      | Reached skill level 4 in Stealth
  1516 | D:2      | Reached XP level 4. HP: 26/27 MP: 8/8
  1789 | D:2      | Found a faded altar of an unknown god.
  1970 | D:2      | Found a sparkling altar of Nemelex Xobeh.
  2604 | D:3      | Noticed Ijyb
  2616 | D:3      | Killed Ijyb
  2617 | D:3      | Reached skill level 5 in Stealth
  2617 | D:3      | Reached XP level 5. HP: 18/31 MP: 10/10
  3015 | D:3      | Learned a level 3 spell: Mephitic Cloud
  3018 | D:3      | Learned a level 2 spell: Call Imp
  3274 | D:3      | Noticed Sigmund
  3295 | D:3      | Killed Sigmund
  3296 | D:3      | Reached skill level 1 in Poison Magic
  3296 | D:3      | Reached XP level 6. HP: 22/36 MP: 3/12
  3517 | D:3      | Found a snail-covered altar of Cheibriados.
  4314 | D:4      | Reached skill level 6 in Stealth
  4384 | D:4      | Found a hazy altar of Hepliaklqana.
  4709 | D:4      | Noticed Robin
  4719 | D:4      | Killed Robin
  4720 | D:4      | Reached XP level 7. HP: 41/41 MP: 3/13
  4955 | D:5      | Entered Level 5 of the Dungeon
  5923 | D:5      | Slain by a howler monkey zombie

Illustrated notes

Levels and vault maps discovered:
D:1:      minmay_arrival_stone_box, layout_basic, minmay_gold_behind_fungi,
          wad_floor_pattern_1
D:2:      layout_basic, nemelex_altar_shiori, chequers_ecumenical_altar_twisty,
          minmay_pentomino_x2, uniq_jessica
D:3:      layout_loops_ring, lemuel_round_altar, uniq_ijyb, uniq_sigmund
D:4:      layout_basic, nzn_hepliaklqana_mist_gate, uniq_robin
D:5:      layout_cave_pools, gammafunk_ghost_split, uniq_pikel, uniq_edmund,
          uniq_menkaure

Skill      XL: |  1  2  3  4  5  6  7 |
---------------+----------------------+-----
Stealth        | 3 4 5 6 |  6.6
Conjurations   | 2 |  2.0
Summonings     | 2 |  2.0
Spellcasting   | 4 |  4.8
Air Magic      | 2 3 |  3.7
Poison Magic   | 1 2 3 |  3.0
Dodging        | |  2.0
Translocations | |  1.0

Action                   |  1- 3 |  4- 6 |  7- 9 || total
-------------------------+-------+-------+-------++-------
Melee: Dagger            |    30 |    80 |    24 ||   134
       Constrict         |    11 |    17 |    11 ||    39
       Tentacles         |     6 |    18 |    13 ||    37
       Halberd           |       |       |    26 ||    26
 Cast: Magic Dart        |    40 |   125 |    27 ||   192
       Call Imp          |       |     2 |       ||     2
       Mephitic Cloud    |       |     1 |     1 ||     2
  Use: Potion            |       |     1 |     2 ||     3
       Scroll            |       |     1 |     9 ||    10
 Stab: Sleeping          |     1 |       |     1 ||     2
       Confused          |       |     2 |       ||     2
Armor: Skin              |     3 |     6 |     2 ||    11
Dodge: Dodged            |    12 |    43 |    65 ||   120
